 Dungeon Crawl Stone Soup version 0.30-a0-218-gedb9141078 (webtiles) character file.

Game seed: 3097563842174043947

51 Johnny the Chiller (level 3, 0/34 HPs)
             Began as an Octopode Ice Elementalist on Oct 5, 2022.
             Succumbed to a kobold's poison
             ... on level 2 of the Dungeon.
             The game lasted 00:01:09 (804 turns).

Johnny the Chiller (Octopode Ice Elementalist)       Turns: 804, Time: 00:01:09

Health: 0/34       AC: 21    Str:  7    XL:     3   Next: 81%
Magic:  6/6        EV:  2    Int: 19    God:
Gold:   62         SH:  0    Dex: 12    Spells: 5/6 levels left

rFire   + . .      SeeInvis .    d - +2 dagger (drain)
rCold   . . .      Faith    .    (no shield)
rNeg    . . .      Spirit   .    (helmet currently unavailable)
rPois   +          Reflect  .    (no amulet)
rElec   .          Harm     .    e - ring of protection from fire
rCorr   .          Rampage  .    (no ring)
Will    .....      NoTele   +    (no ring)
Stlth   ++........               (no ring)
HPRegen 0.25/turn                (no ring)
MPRegen 0.10/turn                (no ring)
                                 (no ring)
                                 (no ring)

@: mighty, lethally poisoned (0 -> -15), tree-form
A: stationary, stasis, torment immunity, boosted hp, almost no armour,
(amphibious), 8 rings, (camouflage 1), (gelatinous body 1), (nimble swimmer 1),
(tentacles)
a: no special abilities


You were on level 2 of the Dungeon.
You were a tree.
You visited 1 branch of the dungeon, and saw 2 of its levels.

You collected 62 gold pieces.

Inventory:

Hand Weapons
 d - a +2 dagger of draining (weapon)
Armour
 f - a +0 tower shield
Magical Staves
 h - a staff of cold
Jewellery
 e - a ring of protection from fire (left branch)
Scrolls
 b - 2 scrolls of brand weapon {unknown}
 i - 2 scrolls of identify {unknown}
 k - a scroll of magic mapping {unknown}
Potions
 a - a potion of magic
 g - a potion of cancellation
 j - a potion of degeneration {unknown}
 l - a potion of ambrosia {unknown}
 m - a potion of lignification


   Skills:
 + Level 1.2 Fighting
 + Level 2.5 Dodging
 + Level 3.3 Stealth
 + Level 0.6 Shields
 + Level 2.3 Spellcasting
 + Level 4.2 Ice Magic


You had 5 spell levels left.
You knew the following spells:

 Your Spells              Type           Power      Damage    Failure   Level
a - Freeze                Ice            72%        1d9       2%          1

Your spell library contained the following spells:

 Spells                   Type           Power      Damage    Failure   Level
 Frozen Ramparts          Ice            36%        1d6       9%          3
 Ozocubu's Armour         Ice            18%        N/A       9%          3
 Cigotuvi's Dreadful Rot  Necr/Pois/Air  4%         N/A       26%         2
 Summon Ice Beast         Ice/Summ       10%        N/A       56%         4
 Dispel Undead            Necr           2%         3d7       86%         4
 Death Channel            Necr           1%         N/A       100%        6


Dungeon Overview and Level Annotations

Branches:
Dungeon (2/15)

Altars:


Innate Abilities, Weirdness & Mutations

You are a tree.
Your roots penetrate the ground, keeping you stationary.
You cannot be teleported.
You are immune to unholy pain and torment.
Your maximum health is greatly increased.
You cannot wear most types of armour.
((You are amphibious.))
You can wear up to eight rings at the same time.
((Your skin changes colour to match your surroundings (Stealth+).))
((Your rubbery body absorbs attacks. (AC +1, EV +1)))
((You are camouflaged when in or above water. (Stealth+)))
((You have tentacles for arms and can constrict up to eight enemies at once.))


Message History

A kobold comes into view.
It is wielding a +0 flail and quivering poisoned darts.
The kobold shouts!
You hit the goblin. You drain the goblin.
You kill the goblin!
The kobold throws a poisoned dart.
The poisoned dart hits you!
You are poisoned.
You hit the giant cockroach but do no damage.
You drain the giant cockroach. You grab the giant cockroach.
You squeeze the giant cockroach.
You kill the giant cockroach!
You feel very sick.
The kobold throws a poisoned dart.
The poisoned dart closely misses you.
A quokka comes into view.
Found two stone staircases leading down.
You feel sick.
The kobold throws a poisoned dart.
The poisoned dart closely misses you.
You feel sick.
The kobold throws a poisoned dart.
The poisoned dart hits you!
You are more poisoned.
The rat closely misses you.
You barely miss the rat. You grab the rat. You constrict the rat.
You feel very sick. The rat bites you.
The kobold drinks a potion.
The kobold suddenly seems more resistant.
You hit the rat.
You kill the rat!
You feel sick.
The kobold throws a poisoned dart.
The poisoned dart hits you!
You are lethally poisoned!
You feel very sick.
It was a potion of cancellation.
You feel magically purged.
* * * LOW HITPOINT WARNING * * *
You feel very sick.
The kobold throws a poisoned dart.
The poisoned dart hits you!
You are more poisoned.
It was a potion of lignification.
You turn into a tree.
Your roots penetrate the ground.
* * * LOW HITPOINT WARNING * * *
You feel very sick.
It was a potion of might.
You feel very mighty all of a sudden.
You die...

###### r.>....########
...............
...............
#..#####........ ##...#
#........ #♣...#
#........ ##..###
##..#.### #####...#
#.##.# ##...†)..#
###(##.#
#......########...##.###
........:................
#...##########..#####.###
.... #.######.### ...
............?


There were no monsters in sight!

Vanquished Creatures
  3 dart slugs
  2 bats (D:1)
  2 endoplasms (D:2)
  3 giant cockroaches
  3 goblins
  4 hobgoblins
  3 kobolds
  5 quokkas (D:1)
  4 ball pythons
  2 frilled lizards
  10 rats
41 creatures vanquished.

Notes
Turn   | Place    | Note
-------+----------+-------------------------------------------
     0 | D:1      | Johnny the Octopode Ice Elementalist began the quest for
                  | the Orb.
     0 | D:1      | Reached XP level 1. HP: 11/11 MP: 3/3
    80 | D:1      | Reached XP level 2. HP: 14/18 MP: 5/5
   296 | D:1      | Reached XP level 3. HP: 22/22 MP: 6/6
   310 | D:1      | Reached skill level 1 in Fighting
   804 | D:2      | Succumbed to a kobold's poison

Illustrated notes

Levels and vault maps discovered:
D:1:      dpeg_arrival_pond, layout_rooms, minmay_pentomino_q4
D:2:      layout_rooms, chequers_ecumenical_altar_simple, minmay_tall_x

Skill      XL: |  1  2  3 |
---------------+----------+-----
Stealth        | 3 |  3.3
Fighting       | 1 |  1.2
Dodging        | |  2.5
Shields        | |  0.6
Spellcasting   | |  2.3
Ice Magic      | |  4.2

Action                   || total
-------------------------++-------
Melee: Dagger            ||    62
       Constrict         ||    14
       Unarmed           ||     2
       Tentacles         ||     7
  Use: Potion            ||     3
 Stab: Sleeping          ||    10
Armor: Skin              ||     3
Dodge: Dodged            ||    41

Table legend: (Time is in decaauts)
 A = Elapsed time spent in this place.
 B = Non-inter-level travel time spent in this place.
 C = Inter-level travel time spent in this place.
 D = Time resting spent in this place.
 E = Time spent auto-exploring this place.
 F = Levels seen in this place.
 G = Mean time per level.
                   A        B        C        D        E       F      G
               +--------+--------+--------+--------+--------+-----+--------+
         Total |    802 |    787 |     15 |     18 |    524 |   2 |  401.0 |
       Dungeon |    802 |    787 |     15 |     18 |    524 |   2 |  401.0 |
               +--------+--------+--------+--------+--------+-----+--------+

Top non-repeatable levels by time:
     D:1: 571 daAuts
     D:2: 231 daAuts
